[Event "Titled Tuesday Blitz October 12 2021"]
[White "Baches Garcia, Guillermo"]
[Black "Bazeev, German"]
[WhiteFideId "2209764"]
[BlackFideId "24119350"]
[WhiteElo "2456"]
[BlackElo "2462"]
[Result "1/2-1/2"]
[Round "01"]
[TimeControl "180+1"]
[Date "2021.10.12"]
[WhiteClock "0:00:34"]
[BlackClock "0:00:36"]

1. e4 c6 2. Nc3 d5 3. Nf3 dxe4 4. Nxe4 Nf6 5. Qe2 Bg4 6. Nxf6+ gxf6 7. h3 Bh5 8. g3 Nd7 9. Bg2 e6 10. O-O Ne5 11. g4 Nxf3+ 12. Bxf3 Bg6 13. d3 Bd6 14. b4 h5 15. gxh5 Bh7 16. b5 cxb5 17. Bxb7 Ke7 18. Bb2 Bf5 19. Qf3 Rc8 20. Bxc8 Qxc8 21. Rae1 e5 22. d4 Rg8+ 23. Kh1 Bxh3 24. dxe5 Bg2+ 25. Qxg2 Rxg2 26. exd6+ Kf8 27. Kxg2 Qg4+ 28. Kh2 Qh4+ 29. Kg2 Qg4+ 30. Kh2 Qh4+ 31. Kg2 Qg4+ 1/2-1/2


[Site "https://www.chess.com"]

[Event "Titled Tuesday Blitz October 12 2021"]
[White "Bluebaum, Matthias"]
[Black "Jary, Sergey"]
[WhiteFideId "24651516"]
[BlackFideId "14110350"]
[WhiteElo "2681"]
[BlackElo "2260"]
[Result "1-0"]
[Round "01"]
[TimeControl "180+1"]
[Date "2021.10.12"]
[WhiteClock "0:00:57"]
[BlackClock "0:00:52"]

1. d4 Nf6 2. Nf3 g6 3. Nc3 Bg7 4. Bf4 d6 5. e4 Nc6 6. d5 Nb8 7. Qd2 Nbd7 8. Bh6 O-O 9. h4 Ng4 10. Bxg7 Kxg7 11. h5 e5 12. dxe6 fxe6 13. Nd4 Ndf6 14. f3 Ne5 15. hxg6 Nxg6 16. Bc4 Qe7 17. O-O-O Bd7 18. Rh2 h5 19. Qg5 Rh8 20. Rdh1 Nh7 21. Qxe7+ Nxe7 22. Bxe6 Be8 23. Nd5 Nxd5 24. Bxd5 Nf6 25. Ne6+ Kg6 26. Nxc7 Rc8 27. Nxe8 Rhxe8 28. Bxb7 Rc7 29. Ba6 d5 30. exd5 Nxd5 31. Bd3+ Kg7 32. Rxh5 Nf6 33. Rh7+ Nxh7 34. Rxh7+ Kf6 35. Rxc7 Re1+ 36. Kd2 Rg1 37. Rxa7 Rxg2+ 38. Kc3 1-0


[Site "https://www.chess.com"]

[Event "Titled Tuesday Blitz October 12 2021"]
[White "Deac, Bogdan-Daniel"]
[Black "Garv Gaur"]
[WhiteFideId "1226380"]
[BlackFideId "45030839"]
[WhiteElo "2605"]
[BlackElo "1950"]
[Result "1-0"]
[Round "01"]
[TimeControl "180+1"]
[Date "2021.10.12"]
[WhiteClock "0:01:08"]
[BlackClock "0:01:01"]

1. b3 d5 2. Bb2 Bg4 3. Nf3 Bxf3 4. exf3 Nf6 5. f4 e6 6. g3 Bd6 7. Bg2 O-O 8. O-O Nbd7 9. c4 c6 10. d4 Ne4 11. Qe2 Nef6 12. Nd2 a6 13. Nf3 Ne4 14. Ne5 f5 15. f3 Nef6 16. Nxc6 bxc6 17. Qxe6+ Kh8 18. Qxd6 dxc4 19. bxc4 Nb6 20. Qxd8 Rfxd8 21. Rac1 Na4 22. Ba1 Rab8 23. Rfd1 Rb4 24. Bf1 Nb6 25. Rb1 a5 26. Bc3 Rxb1 27. Rxb1 Nbd7 28. Bd3 g6 29. Rb7 Kg8 30. Ra7 Re8 31. Kf2 Rb8 32. Rxa5 Nb6 33. d5 Ne8 34. dxc6 Rc8 35. c5 Nd5 36. Bc4 Nc7 37. Be5 Kf8 38. Ra7 1-0


[Site "https://www.chess.com"]

[Event "Titled Tuesday Blitz October 12 2021"]
[White "Demchenko, Anton"]
[Black "Dzhaparov, Medet"]
[WhiteFideId "4160258"]
[BlackFideId "13803689"]
[WhiteElo "2583"]
[BlackElo "1702"]
[Result "1-0"]
[Round "01"]
[TimeControl "180+1"]
[Date "2021.10.12"]
[WhiteClock "0:00:09"]
[BlackClock "0:00:13"]

1. e4 e5 2. Nf3 Nc6 3. Bc4 Bc5 4. d3 Nf6 5. Nc3 d6 6. Na4 Bb6 7. c3 h6 8. O-O O-O 9. h3 Ne7 10. Nxb6 axb6 11. Bb3 Ng6 12. Re1 Re8 13. Bc2 Nh5 14. d4 Nf6 15. Bd2 Bd7 16. Bd3 Qe7 17. Qc2 Rad8 18. Rad1 Nh5 19. Bf1 Nhf4 20. Kh2 Qf6 21. Ng1 Ne6 22. Be3 Ng5 23. f3 Bc8 24. Qf2 Ne6 25. a4 Bd7 26. b3 Nef4 27. g3 Ne6 28. h4 Nef8 29. Bg2 Be6 30. Rb1 Ra8 31. d5 Bd7 32. c4 Ne7 33. Rf1 Nh7 34. Nh3 Ng6 35. Qd2 Ngf8 36. Nf2 Qe7 37. Qc2 Nf6 38. Bh3 N6h7 39. Rbe1 Bxh3 40. Nxh3 Qd7 41. Qg2 Nf6 42. Rg1 N6h7 43. Nf2 Ng6 44. Qh3 Qxh3+ 45. Kxh3 Ne7 46. g4 g5 47. h5 Kg7 48. Nh1 f6 49. Ng3 Nf8 50. Ra1 Ra6 51. Ra3 Rea8 52. Rga1 Nd7 53. b4 Kf7 54. Kg2 Ke8 55. Kf2 Kf7 56. Ke2 Ke8 57. Kd3 Kf7 58. Kc3 Ke8 59. Kb3 Kd8 60. Rc1 Kc8 61. c5 bxc5 62. bxc5 dxc5 63. Bxc5 Nxc5+ 64. Rxc5 Kd7 65. Rc4 b5 66. Rb4 bxa4+ 67. Raxa4 Rxa4 68. Rxa4 Rxa4 69. Kxa4 c6 70. dxc6+ Kxc6 71. Kb4 Kb6 72. Kc4 Kc6 73. Nf1 Nc8 74. Ne3 Nd6+ 75. Kb4 Nb5 76. Nf5 Nd4 77. Nxd4+ exd4 78. Kc4 d3 79. Kxd3 Kc5 80. Kc3 Kc6 81. Kc4 Kd6 82. Kd4 Ke6 83. e5 fxe5+ 84. Ke4 Kd6 85. Kf5 Kd5 86. Kg6 Kd4 87. Kxh6 Ke3 88. Kxg5 Kxf3 89. h6 e4 90. h7 e3 91. h8=Q e2 92. Qc3+ Kf2 93. Qd2 1-0


[Site "https://www.chess.com"]

[Event "Titled Tuesday Blitz October 12 2021"]
[White "Wagner, Dinara"]
[Black "Jacobson, Brandon"]
[WhiteFideId "24157570"]
[BlackFideId "30901561"]
[WhiteElo "2216"]
[BlackElo "2362"]
[Result "1/2-1/2"]
[Round "01"]
[TimeControl "180+1"]
[Date "2021.10.12"]
[WhiteClock "0:00:15"]
[BlackClock "0:00:14"]

1. d4 Nf6 2. c4 c5 3. d5 g6 4. Nf3 Bg7 5. Nc3 O-O 6. g3 d6 7. Bg2 e6 8. O-O exd5 9. cxd5 Re8 10. Bf4 h6 11. Re1 g5 12. Bd2 Bf5 13. h4 g4 14. Nh2 Bg6 15. e4 h5 16. Bg5 Nbd7 17. Nf1 Ne5 18. Ne3 Qd7 19. Qe2 a6 20. a4 Rac8 21. Nc4 Nxc4 22. Qxc4 Rb8 23. a5 b5 24. axb6 Rxb6 25. Rxa6 Rb4 26. Qd3 Rxb2 27. Bf4 Bf8 28. Na4 Rb4 29. Nxc5 dxc5 30. Rxf6 Rd4 31. Qc2 Rxd5 32. Rxg6+ fxg6 33. exd5 Rxe1+ 34. Kh2 Qf5 35. Qc4 Kh7 36. Qa6 Bg7 37. Qa5 c4 38. Qxe1 c3 39. Qc1 c2 40. d6 Qd3 41. Bf1 Qd1 42. d7 Bf6 43. Kg1 Kg7 44. Bg5 Bxg5 45. Qxg5 Qxd7 46. Qe5+ Kh7 47. Qc3 Qd1 48. Qc7+ Kh6 49. Qf4+ Kg7 50. Qc7+ Kf6 51. Qf4+ Ke6 52. Qc4+ Kd6 53. Qb4+ Kd5 54. Qc4+ Ke5 55. Qc5+ Ke6 56. Qc6+ Kf7 57. Qc7+ Kf8 58. Qf4+ Ke8 59. Qb8+ Kd7 60. Qb7+ Kd8 61. Qb8+ Kd7 62. Qb7+ Kd6 63. Qb6+ Kd5 64. Qb5+ Kd6 65. Qb6+ Ke7 66. Qc7+ Kf8 67. Qf4+ Kg8 68. Qb8+ Kh7 69. Qc7+ Kh8 70. Qc8+ Kg7 71. Qc7+ Kh6 72. Qf4+ g5 73. hxg5+ Kh7 74. Qf5+ Kh8 75. Qf6+ Kg8 76. Qg6+ Kf8 77. Qf6+ Ke8 78. Qc6+ Kd8 79. Qa8+ Kc7 80. Qa7+ Kc6 81. Qa6+ Kc7 82. Qa7+ Kc6 83. Qa6+ Kc5 84. Qb5+ Kd4 85. Qc4+ Ke5 86. Qc5+ Ke6 87. Qc6+ Ke7 88. Qc7+ Ke8 89. Qc8+ Ke7 90. Qc7+ Ke6 91. Qc6+ Ke5 92. Qc5+ Ke6 93. Qc6+ 1/2-1/2


[Site "https://www.chess.com"]

[Event "Titled Tuesday Blitz October 12 2021"]
[White "Dushyant Sharma"]
[Black "Zhalmakhanov, Ramazan"]
[WhiteFideId "25065130"]
[BlackFideId "13706357"]
[WhiteElo "1990"]
[BlackElo "2531"]
[Result "0-1"]
[Round "01"]
[TimeControl "180+1"]
[Date "2021.10.12"]
[WhiteClock "0:00:02"]
[BlackClock "0:00:13"]

1. e4 c5 2. Nf3 d6 3. d4 cxd4 4. Nxd4 Nf6 5. Nc3 Bd7 6. f4 e5 7. Nf3 Bc6 8. Bd3 Nbd7 9. O-O Be7 10. Kh1 O-O 11. Qe1 h6 12. Bd2 Qb6 13. Rb1 Rac8 14. a3 Qd8 15. fxe5 dxe5 16. Qg3 Nh5 17. Qh3 Nf4 18. Bxf4 exf4 19. Nd4 Bg5 20. Rbd1 Qe7 21. Nf5 Qe5 22. Nd5 Rfe8 23. c3 Nf6 24. Nxf6+ Qxf6 25. e5 Qxe5 26. Nd6 Rcd8 27. Nxe8 Rxe8 28. Bc4 Qe4 29. Bd3 Qe3 30. Qf5 g6 31. Qg4 Kg7 32. Bc4 Re5 33. h3 h5 34. Qc8 f3 35. gxf3 Bxf3+ 36. Kh2 Bf4# 0-1


[Site "https://www.chess.com"]

[Event "Titled Tuesday Blitz October 12 2021"]
[White "Estrada Nieto, Julian"]
[Black "Yilmaz, Mustafa"]
[WhiteFideId "5101018"]
[BlackFideId "6302718"]
[WhiteElo "2270"]
[BlackElo "2518"]
[Result "0-1"]
[Round "01"]
[TimeControl "180+1"]
[Date "2021.10.12"]
[WhiteClock "0:00:10"]
[BlackClock "0:00:48"]

1. e4 e5 2. Nf3 Nc6 3. Bb5 a6 4. Ba4 Nf6 5. O-O Be7 6. Re1 b5 7. Bb3 O-O 8. a4 Bb7 9. Nc3 Na5 10. Ba2 b4 11. Nd5 b3 12. Nxf6+ Bxf6 13. cxb3 c5 14. b4 cxb4 15. d3 d5 16. Bd2 dxe4 17. dxe4 Qb6 18. Be3 Qc7 19. Rc1 Qb8 20. Bc5 Rd8 21. Qe2 b3 22. Bb1 Bc6 23. Bd3 Qb7 24. Ra1 Bd7 25. Red1 Be6 26. Nd2 Rdc8 27. Rdc1 Bg5 28. Be3 Bxe3 29. Qxe3 Nc6 30. Bc4 Nd4 31. Bxe6 fxe6 32. Rxc8+ Rxc8 33. Qh3 Rc2 34. Nf3 Qxe4 35. Nxd4 exd4 36. Qg3 d3 37. Qb8+ Kf7 38. Qxb3 d2 0-1


[Site "https://www.chess.com"]

[Event "Titled Tuesday Blitz October 12 2021"]
[White "Gracia Alvarez, Gerardo Antonio"]
[Black "Terry, Renato"]
[WhiteFideId "5109124"]
[BlackFideId "3803457"]
[WhiteElo "2148"]
[BlackElo "2577"]
[Result "0-1"]
[Round "01"]
[TimeControl "180+1"]
[Date "2021.10.12"]
[WhiteClock "0:00:01"]
[BlackClock "0:00:26"]

1. e4 e6 2. d4 d5 3. Nd2 Be7 4. e5 c5 5. c3 Nc6 6. Ngf3 cxd4 7. cxd4 Qb6 8. Be2 Nxd4 9. Nxd4 Qxd4 10. O-O Bd7 11. Qb3 Qxe5 12. Re1 Qc7 13. Nf3 Nf6 14. Be3 O-O 15. Rec1 Qb8 16. Bd4 Rc8 17. Ne5 Bd6 18. f4 Be8 19. Qg3 Ne4 20. Qg4 Nf6 21. Qg3 Rxc1+ 22. Rxc1 Qd8 23. Bd3 Rc8 24. Rf1 Bc5 25. Bxc5 Rxc5 26. f5 exf5 27. Rxf5 d4 28. Rg5 g6 29. h4 h6 30. Nxf7 Rc1+ 31. Kh2 Bxf7 32. Rxg6+ Kf8 33. Rxh6 Rc6 34. Rh8+ Bg8 35. Qg6 Qc7+ 36. Kh3 Qg7 37. Qf5 Ke7 0-1


[Site "https://www.chess.com"]

[Event "Titled Tuesday Blitz October 12 2021"]
[White "Guliev, Logman"]
[Black "Sviridov, Valery"]
[WhiteFideId "13400061"]
[BlackFideId "4120680"]
[WhiteElo "2128"]
[BlackElo "2454"]
[Result "1/2-1/2"]
[Round "01"]
[TimeControl "180+1"]
[Date "2021.10.12"]
[WhiteClock "0:00:14"]
[BlackClock "0:00:43"]

1. e4 Nf6 2. e5 Nd5 3. d4 d6 4. Nf3 dxe5 5. Nxe5 c6 6. Bc4 Nd7 7. Nf3 N7f6 8. h3 Bf5 9. c3 e6 10. O-O h6 11. Bd3 Bxd3 12. Qxd3 Be7 13. Re1 O-O 14. Ne5 Qc7 15. Qg3 Kh7 16. Nd2 Rad8 17. Ndf3 Bd6 18. a3 Ne7 19. Nh4 Bxe5 20. dxe5 Nd7 21. Kh1 Nc5 22. Be3 Nd3 23. Re2 b6 24. Bd4 Nc5 25. Bxc5 bxc5 26. Qe3 Rd5 27. Rae1 Rfd8 28. f4 Kg8 29. c4 Rd4 30. Qc3 Rxf4 31. Nf3 Nf5 32. Kh2 Nd4 33. Nxd4 Rfxd4 34. Re4 f5 35. R4e3 a5 36. Rg3 Kh7 37. Qf3 Rxc4 38. Qh5 Qe7 39. Qg6+ Kh8 40. Rf1 Re4 41. Rb3 Rxe5 42. Rff3 Qg5 43. Qf7 Qf6 44. Qc7 Red5 45. Qxc6 Qe5+ 46. Rg3 Rd3 47. Rxd3 Rxd3 48. Qe8+ Kh7 49. Qg6+ Kg8 50. Qe8+ Kh7 51. Qg6+ Kg8 52. Qe8+ Kh7 1/2-1/2


[Site "https://www.chess.com"]

[Event "Titled Tuesday Blitz October 12 2021"]
[White "Gupta, Abhijeet"]
[Black "Petukhov, Dmitry"]
[WhiteFideId "5010608"]
[BlackFideId "4142748"]
[WhiteElo "2549"]
[BlackElo "2356"]
[Result "1-0"]
[Round "01"]
[TimeControl "180+1"]
[Date "2021.10.12"]
[WhiteClock "0:00:05"]
[BlackClock "0:00:04"]

1. Nf3 Nf6 2. c4 g6 3. Nc3 Bg7 4. e4 O-O 5. d4 c6 6. Be2 d5 7. e5 Ne4 8. h4 Nxc3 9. bxc3 dxc4 10. h5 Bg4 11. Ng5 Bxe2 12. Qxe2 Qd5 13. hxg6 hxg6 14. Qg4 f6 15. Ne6 Kf7 16. Nc7 f5 17. Nxd5 fxg4 18. Nc7 Na6 19. Nxa8 Rxa8 20. Rh4 g3 21. Bg5 Nc7 22. fxg3 Nd5 23. Kd2 b5 24. Rf1+ Ke6 25. Bh6 Bh8 26. Bg5 Bg7 27. Rh7 Rg8 28. a4 a5 29. axb5 cxb5 30. Ra1 b4 31. Rxa5 Nxc3 32. Kc2 Ne4 33. d5+ Kxe5 34. Bxe7 b3+ 35. Kb2 Kf5+ 36. Ka3 b2 37. Ka2 Nd2 38. d6+ Ke6 39. Rh1 c3 40. Re1+ Kd7 41. Ra7+ Kc6 42. Bg5 c2 43. Bxd2 Rb8 44. Rc7+ Kd5 45. Rxc2 b1=Q+ 46. Rxb1 Ra8+ 47. Kb3 Rb8+ 48. Bb4 1-0


[Site "https://www.chess.com"]

[Event "Titled Tuesday Blitz October 12 2021"]
[White "Ibrahimli, Murad"]
[Black "Balabayeva, Xeniya"]
[WhiteFideId "13410229"]
[BlackFideId "13719688"]
[WhiteElo "2109"]
[BlackElo "1965"]
[Result "1-0"]
[Round "01"]
[TimeControl "180+1"]
[Date "2021.10.12"]
[WhiteClock "0:00:38"]
[BlackClock "0:00:02"]

1. Nf3 d5 2. g3 c5 3. Bg2 Nc6 4. d4 cxd4 5. Nxd4 Nf6 6. O-O Bd7 7. c4 Nxd4 8. Qxd4 Bc6 9. Nc3 dxc4 10. Bxc6+ bxc6 11. Qxc4 Qc8 12. Bg5 Nd7 13. Rad1 Nb6 14. Qh4 f6 15. Be3 e6 16. Bd4 Be7 17. e4 e5 18. Be3 O-O 19. b3 Qe6 20. Qh5 Rfd8 21. Qe2 Bb4 22. Qc2 Rd7 23. Rxd7 Qxd7 24. Rd1 Qe6 25. Kg2 Kf7 26. Nb1 Rc8 27. a3 Be7 28. a4 c5 29. a5 Nd7 30. Na3 a6 31. Nc4 Nb8 32. Nb6 Rd8 33. Rxd8 Bxd8 34. Qxc5 Nc6 35. Nc4 Be7 36. Qb6 Bb4 37. Qxa6 Nxa5 38. Qa7+ Qe7 39. Qb6 Nxc4 40. bxc4 Bd6 41. c5 Bc7 42. Qb3+ Qe6 43. Qd5 Ke7 44. h4 h5 45. Qb7 Qd7 46. c6 Qd6 47. Bc5 Qxc5 48. Qxc7+ Kf8 49. Qd8+ Kf7 50. c7 Qc4 51. Qd5+ 1-0


[Site "https://www.chess.com"]

[Event "Titled Tuesday Blitz October 12 2021"]
[White "Jobava, Baadur"]
[Black "Karas, Marek"]
[WhiteFideId "13601520"]
[BlackFideId "14928558"]
[WhiteElo "2731"]
[BlackElo "2261"]
[Result "1/2-1/2"]
[Round "01"]
[TimeControl "180+1"]
[Date "2021.10.12"]
[WhiteClock "0:00:09"]
[BlackClock "0:00:05"]

1. e4 e6 2. d4 d5 3. Nc3 Nf6 4. Bg5 Be7 5. exd5 Nxd5 6. Bxe7 Qxe7 7. Bd3 O-O 8. Nge2 c5 9. Nxd5 exd5 10. dxc5 Qxc5 11. c3 Nc6 12. O-O Bg4 13. Re1 Rfe8 14. h3 Bh5 15. Qc2 Bg6 16. Bxg6 hxg6 17. Red1 Rad8 18. Nd4 Ne5 19. Re1 Nc6 20. Nb3 Qb6 21. Rxe8+ Rxe8 22. Rd1 Rd8 23. Nd4 Re8 24. Nf3 Qc5 25. Qd2 Rd8 26. Qf4 Qa5 27. a3 Qb6 28. Rd2 Qc5 29. h4 Qe7 30. g3 Qe4 31. Kg2 Qxf4 32. gxf4 f6 33. Kg3 Kf7 34. Kg4 Rd7 35. c4 Ne7 36. b4 Ke8 37. c5 Nf5 38. Nd4 Nxd4 39. Rxd4 Kf7 40. h5 gxh5+ 41. Kxh5 g6+ 42. Kh6 Rd8 43. Kh7 g5 44. fxg5 fxg5 45. b5 Kf6 46. c6 bxc6 47. bxc6 Ke5 48. Rg4 Kf5 49. Ra4 Rc8 50. Ra6 Rc7+ 51. Kh6 d4 52. Ra5+ Kf4 53. Rc5 d3 54. Kh5 d2 55. Rd5 Rxc6 56. Rxd2 Rc5 57. Rd3 g4+ 58. Kh4 Rc7 59. Rd4+ Kf3 60. Ra4 Rh7+ 61. Kg5 Kxf2 62. Kxg4 Ke3 63. Kf5 Kd3 64. Ke5 Kc3 65. Kd6 Kb3 66. Ra5 Rh4 67. Rxa7 Ra4 68. Rxa4 Kxa4 69. Kc5 Kxa3 1/2-1/2


[Site "https://www.chess.com"]

[Event "Titled Tuesday Blitz October 12 2021"]
[White "Kalajzic, Ivan"]
[Black "Shipov, Sergei"]
[WhiteFideId "14506378"]
[BlackFideId "4113624"]
[WhiteElo "2163"]
[BlackElo "2824"]
[Result "0-1"]
[Round "01"]
[TimeControl "180+1"]
[Date "2021.10.12"]
[WhiteClock "0:00:46"]
[BlackClock "0:00:17"]

1. b3 e5 2. Bb2 Nc6 3. e3 d5 4. Bb5 Bd6 5. f4 Qh4+ 6. g3 Qe7 7. Nf3 f6 8. O-O Bg4 9. fxe5 fxe5 10. Be2 Nf6 11. Nh4 Bxe2 12. Qxe2 g6 13. Nc3 O-O 14. Rxf6 Qxf6 15. Nxd5 Qe6 16. c4 Rf7 17. Rf1 Raf8 18. Rxf7 Qxf7 19. Kg2 Ne7 20. Nf3 Nxd5 21. cxd5 Qxd5 22. e4 Qe6 23. d4 exd4 24. Nxd4 Qf7 25. Nf3 Bc5 26. e5 Qd5 27. g4 c6 28. Kg3 h6 29. h4 Kh7 30. h5 Qf7 31. e6 Qf4+ 32. Kg2 Qxg4+ 33. Kh2 Rxf3 34. hxg6+ Kg8 0-1


[Site "https://www.chess.com"]

[Event "Titled Tuesday Blitz October 12 2021"]
[White "Kamsky, Gata"]
[Black "Altman, Joshua"]
[WhiteFideId "2000024"]
[BlackFideId "426210"]
[WhiteElo "2603"]
[BlackElo "1945"]
[Result "1-0"]
[Round "01"]
[TimeControl "180+1"]
[Date "2021.10.12"]
[WhiteClock "0:00:15"]
[BlackClock "0:00:06"]

1. e4 e6 2. d4 d5 3. exd5 exd5 4. Nf3 Nf6 5. Bd3 Bd6 6. Qe2+ Be6 7. Ng5 Qe7 8. Nxe6 fxe6 9. Nd2 Nbd7 10. Nf3 O-O 11. O-O Rae8 12. c3 c6 13. Re1 e5 14. dxe5 Nxe5 15. Nxe5 Bxe5 16. Bf4 Nd7 17. Be3 Qd6 18. g3 Nf6 19. Rad1 Qc7 20. Bf5 Bd6 21. Qd3 Ne4 22. Bh3 Bc5 23. Bxc5 Nxc5 24. Qd4 Ne4 25. f4 b6 26. Bg2 Nf6 27. Bf3 h6 28. Kg2 Kh8 29. Qd3 Qf7 30. b3 Re7 31. c4 Rfe8 32. Rxe7 Qxe7 33. Rd2 Qe1 34. cxd5 Nxd5 35. Bxd5 cxd5 36. a4 Rc8 37. Qxd5 Rc1 38. Qd8+ Kh7 39. Qd3+ Kh8 40. Kh3 Qe6+ 41. f5 Qe1 42. Qe2 Qxe2 43. Rxe2 Rc3 44. Re8+ Kh7 45. Re7 Rxb3 46. f6 Kg6 47. fxg7 Kh7 48. Rxa7 Ra3 49. Kh4 b5 50. a5 b4 51. Kh5 b3 52. g8=Q+ Kxg8 53. Kxh6 b2 54. Rb7 Rxa5 55. Rxb2 Ra6+ 56. Kh5 Ra5+ 57. Kh4 Ra6 58. g4 Rh6+ 59. Kg3 Ra6 60. h4 Kg7 61. g5 Kg6 62. Rf2 Ra3+ 63. Kg4 Ra4+ 64. Rf4 Ra5 65. h5+ Kg7 66. h6+ Kg6 67. Rf6+ Kh7 68. Kh5 Rb5 69. Rf7+ Kg8 70. Rd7 Kh8 71. Kg6 Rb6+ 72. Kf5 Rb5+ 73. Kf6 Rb6+ 74. Kf7 Kh7 75. Re7 Kh8 76. Re6 Rb7+ 77. Kg6 Rb8 78. Kh5 Rg8 79. g6 Rb8 80. Rf6 Rb5+ 81. Kg4 Rb8 82. Kg5 Rb5+ 83. Rf5 Rb8 84. Re5 Rf8 85. Re7 1-0


[Site "https://www.chess.com"]

[Event "Titled Tuesday Blitz October 12 2021"]
[White "Kotepalli, Sai Nirupama"]
[Black "Kollars, Dmitrij"]
[WhiteFideId "5039444"]
[BlackFideId "12909572"]
[WhiteElo "2470"]
[BlackElo "2584"]
[Result "0-1"]
[Round "01"]
[TimeControl "180+1"]
[Date "2021.10.12"]
[WhiteClock "0:00:56"]
[BlackClock "0:01:02"]

1. e4 c6 2. d3 d5 3. Nd2 e5 4. Ngf3 Bd6 5. g3 Nf6 6. Bg2 O-O 7. O-O dxe4 8. Nxe4 Nxe4 9. dxe4 a5 10. c3 Na6 11. Be3 Be6 12. Qe2 h6 13. b3 a4 14. c4 Qc7 15. Rad1 Rfd8 16. Nh4 axb3 17. axb3 Bc5 18. Nf5 Bxe3 19. Qxe3 Nb4 20. Qc5 Nd3 21. Qe3 Nb4 22. Qc5 Nc2 23. Qe7 Qxe7 24. Nxe7+ Kf8 25. Nf5 g6 26. Ne3 Nxe3 27. fxe3 Rxd1 28. Rxd1 Ke7 29. Rd3 Ra3 30. Bf1 b5 31. cxb5 cxb5 32. Rc3 b4 33. Rc5 Kd6 34. Rb5 Rxb3 35. Kf2 Rb2+ 36. Kf3 h5 37. h3 b3 38. g4 h4 39. Bd3 Rd2 40. Bf1 b2 41. Rb8 Kc7 42. Rb4 Ba2 0-1


[Site "https://www.chess.com"]

[Event "Titled Tuesday Blitz October 12 2021"]
[White "Kubicka, Anna"]
[Black "Yeletsky, Ivan"]
[WhiteFideId "1152254"]
[BlackFideId "24180327"]
[WhiteElo "1903"]
[BlackElo "2352"]
[Result "0-1"]
[Round "01"]
[TimeControl "180+1"]
[Date "2021.10.12"]
[WhiteClock "0:00:25"]
[BlackClock "0:01:04"]

1. e4 Nf6 2. e5 Nd5 3. d4 d6 4. c4 Nb6 5. exd6 exd6 6. Bd3 Be7 7. Ne2 O-O 8. O-O Nc6 9. Nbc3 g6 10. h3 Nb4 11. Bh6 Re8 12. Ng3 Bf6 13. a3 Nc6 14. c5 Nd7 15. cxd6 cxd6 16. Nce4 Be7 17. Bc4 Nb6 18. Bb3 d5 19. Qd2 dxe4 20. d5 Ne5 21. Nxe4 Bf5 22. Rfe1 Bxe4 23. Rxe4 Bf6 24. Rae1 Qd7 25. Qf4 Qf5 26. d6 Qxf4 27. Bxf4 Nbd7 28. Bg3 Red8 29. f4 Nd3 30. Rd1 N3c5 31. Rb4 Nxb3 32. Rxb3 Nc5 33. Re3 Bxb2 34. Re7 Bf6 35. Rc7 b6 36. Bf2 Ne6 37. Rb7 Nxf4 38. a4 Ne6 39. a5 Nc5 40. Bxc5 bxc5 41. d7 Bd4+ 42. Kf1 Kf8 43. Re1 a6 44. Re2 Rab8 45. Rb6 Rxb6 46. axb6 Rxd7 47. Ra2 Rb7 48. Rxa6 Ke8 49. Ke2 Kd7 50. Kd3 Kc6 51. Ra8 Kxb6 52. Rf8 Re7 0-1


[Site "https://www.chess.com"]

[Event "Titled Tuesday Blitz October 12 2021"]
[White "Le, Tuan Minh"]
[Black "Ozdemir, Serhan Berat"]
[WhiteFideId "12401153"]
[BlackFideId "6374611"]
[WhiteElo "2450"]
[BlackElo "1920"]
[Result "1-0"]
[Round "01"]
[TimeControl "180+1"]
[Date "2021.10.12"]
[WhiteClock "0:00:19"]
[BlackClock "0:00:03"]

1. d4 Nf6 2. Nf3 e6 3. Bf4 c5 4. c3 Qb6 5. Qc2 Nc6 6. e3 d5 7. Nbd2 Be7 8. Bd3 O-O 9. O-O Bd7 10. Ne5 h6 11. Ndf3 Rac8 12. Qe2 a6 13. Nxd7 Nxd7 14. Rfd1 Nf6 15. h3 Rfd8 16. Ne5 Nxe5 17. Bxe5 Nd7 18. Bg3 Bd6 19. Bh4 Re8 20. Rac1 e5 21. Bf5 Rc7 22. Qg4 Qc6 23. e4 exd4 24. cxd4 dxe4 25. dxc5 Nxc5 26. b4 e3 27. fxe3 b6 28. bxc5 Bxc5 29. Kh1 Qb7 30. e4 Bf8 31. Bg3 Rxc1 32. Rxc1 Qe7 33. e5 Qa3 34. Rc2 g6 35. Bxg6 h5 36. Bxh5+ Bg7 37. Rf2 Qc1+ 38. Kh2 Rxe5 39. Bxf7+ Kh8 40. Qh4+ Bh6 41. Bxe5+ 1-0


[Site "https://www.chess.com"]

[Event "Titled Tuesday Blitz October 12 2021"]
[White "Mickiewicz, Piotr"]
[Black "Khusnutdinov, Rustam"]
[WhiteFideId "1114891"]
[BlackFideId "13701703"]
[WhiteElo "2251"]
[BlackElo "2571"]
[Result "0-1"]
[Round "01"]
[TimeControl "180+1"]
[Date "2021.10.12"]
[WhiteClock "0:00:02"]
[BlackClock "0:00:20"]

1. Nf3 d5 2. g3 Nd7 3. c4 dxc4 4. Na3 e5 5. Nxc4 e4 6. Nd4 Nb6 7. Nxb6 axb6 8. Nb3 Nf6 9. Bg2 h5 10. O-O h4 11. d4 exd3 12. exd3 hxg3 13. hxg3 Be6 14. Re1 Be7 15. Be3 Bd5 16. Nd4 Ra5 17. b4 Bxg2 18. bxa5 Bd5 19. f3 Qd7 20. Qe2 bxa5 21. Qg2 Kf8 22. g4 g6 23. Ne2 Nxg4 24. Qxg4 Rh1+ 25. Kf2 Bh4+ 26. Ng3 Rh2+ 27. Kg1 Qxg4 28. fxg4 Bxg3 29. Bc5+ Kg7 30. Re4 f5 31. gxf5 gxf5 32. Re7+ Kg6 33. Kf1 Bf3 34. Bg1 Rc2 35. Re3 Bg2# 0-1


[Site "https://www.chess.com"]

[Event "Titled Tuesday Blitz October 12 2021"]
[White "Moroni, Luca Jr"]
[Black "Pacheco Lugo, Alejandro Jose"]
[WhiteFideId "865834"]
[BlackFideId "3903745"]
[WhiteElo "2491"]
[BlackElo "2125"]
[Result "1-0"]
[Round "01"]
[TimeControl "180+1"]
[Date "2021.10.12"]
[WhiteClock "0:00:34"]
[BlackClock "0:00:15"]

1. d4 Nf6 2. c4 e6 3. Nc3 Bb4 4. Nf3 b6 5. Qb3 c5 6. dxc5 bxc5 7. g3 Bb7 8. Bg2 O-O 9. a3 Bxc3+ 10. Qxc3 Ne4 11. Qb3 Qb6 12. Qxb6 axb6 13. O-O d5 14. cxd5 exd5 15. Ne5 Re8 16. Nd3 Nc6 17. Be3 Na5 18. Rad1 d4 19. Bc1 Rad8 20. Bf4 Re7 21. b4 Nc4 22. Bxe4 Bxe4 23. bxc5 bxc5 24. Nxc5 Bc2 25. Rde1 Nxa3 26. Ra1 Nc4 27. Rfe1 f6 28. Rac1 d3 29. exd3 Rxe1+ 30. Rxe1 Bxd3 31. Rd1 Rd5 32. Nxd3 g5 33. Bc1 Ne5 34. Nb2 Nf3+ 35. Kg2 1-0


[Site "https://www.chess.com"]

[Event "Titled Tuesday Blitz October 12 2021"]
[White "Nakamura, Hikaru"]
[Black "Slizhevsky, Alexander"]
[WhiteFideId "2016192"]
[BlackFideId "4152050"]
[WhiteElo "2884"]
[BlackElo "2380"]
[Result "1-0"]
[Round "01"]
[TimeControl "180+1"]
[Date "2021.10.12"]
[WhiteClock "0:01:08"]
[BlackClock "0:00:28"]

1. Nf3 Nf6 2. b3 g6 3. Bb2 Bg7 4. e3 d6 5. d4 O-O 6. Be2 Nbd7 7. O-O e5 8. dxe5 Ng4 9. c4 Ngxe5 10. Nxe5 Nxe5 11. Nc3 Be6 12. Qd2 Qh4 13. Nd5 Bxd5 14. cxd5 Ng4 15. Bxg4 Bxb2 16. Qxb2 Qxg4 17. Rac1 Rac8 18. Rc4 Qg5 19. Qd4 Rfe8 20. Rfc1 Re7 21. Qxa7 Qxd5 22. Rd4 Qb5 23. Rxd6 cxd6 24. Rxc8+ Kg7 25. Qd4+ Qe5 26. Rc4 b5 27. Rb4 Rc7 28. g3 Qxd4 29. Rxd4 Rc2 30. Rxd6 Rxa2 31. Rd5 h5 32. h4 1-0


[Site "https://www.chess.com"]

[Event "Titled Tuesday Blitz October 12 2021"]
[White "Nogerbek, Kazybek"]
[Black "Brunner, Nicolas"]
[WhiteFideId "13710427"]
[BlackFideId "620246"]
[WhiteElo "2436"]
[BlackElo "2372"]
[Result "1-0"]
[Round "01"]
[TimeControl "180+1"]
[Date "2021.10.12"]
[WhiteClock "0:01:40"]
[BlackClock "0:01:08"]

1. d4 d5 2. c4 e6 3. Nc3 Be7 4. Bf4 Nf6 5. e3 O-O 6. Nf3 c5 7. dxc5 Bxc5 8. Qc2 Nc6 9. a3 Qa5 10. O-O-O Rd8 11. Nb5 dxc4 12. Bxc4 a6 13. Bc7 Rxd1+ 14. Rxd1 Bb6 15. b4 Nxb4 16. Rd8+ 1-0


[Site "https://www.chess.com"]